 Dungeon Crawl Stone Soup version 0.25.0-26-g0c896c7088 (webtiles) character file.

Game seed: 2922691072238403287

734 xccam the Slicer (level 7, -2/45 HPs)
             Began as an Octopode Assassin on July 2, 2020.
             Was a Believer of Uskayaw.
             Slain by an ogre
             ... wielding a +0 giant club
              (24 damage)
             ... on level 6 of the Dungeon.
             The game lasted 00:06:31 (6521 turns).

xccam the Slicer (Octopode Assassin)                Turns: 6521, Time: 00:06:32

Health: -2/45      AC:  1    Str: 10    XL:     7   Next: 74%
Magic:  7/7        EV: 13    Int: 13    God:    Uskayaw [**....]
Gold:   242        SH:  0    Dex: 16    Spells: 6/6 levels left

rFire    + . .     SeeInvis .   a - +3 dagger
rCold    . . .     Gourm    .   (no shield)
rNeg     . . .     Faith    .   (helmet restricted)
rPois    .         Spirit   .   (no amulet)
rElec    .         Reflect  .   h - ring of stealth
rCorr    .         Harm     .   k - ring of wizardry
MR       .....                  j - ring of protection from fire
Stlth    +++++.....             (no ring)
HPRegen  0.15/turn              (no ring)
MPRegen  0.10/turn              (no ring)
                                (no ring)
                                (no ring)

@: no status effects
A: almost no armour, stealthy swim, amphibious, 8 rings, constrict 8, camouflage
1, gelatinous body 1
a: Stomp, Line Pass, Renounce Religion


You were on level 6 of the Dungeon.
You worshipped Uskayaw.
Uskayaw was noncommittal.
You were not hungry.

You visited 1 branch of the dungeon, and saw 6 of its levels.

You collected 242 gold pieces.

Inventory:

Hand Weapons
 a - a +3 dagger (weapon)
Missiles
 b - 22 poisoned darts (quivered)
 c - 2 curare-tipped darts
Jewellery
 h - a ring of stealth (left tentacle)
 j - a ring of protection from fire (on tentacle)
 k - a ring of wizardry (right tentacle)
Wands
 p - a wand of digging (5)
 t - a wand of acid (9)
 u - a wand of enslavement (8)
Scrolls
 g - 2 scrolls of identify
 i - 2 scrolls of magic mapping {unknown}
 m - a scroll of teleportation
 o - 4 scrolls of remove curse
 q - a scroll of enchant armour
 r - a scroll of fear {unknown}
Potions
 e - 2 potions of heal wounds {unknown}
 f - a potion of brilliance {unknown}
 l - a potion of might
 n - 2 potions of magic
 s - a potion of mutation {unknown}
 v - a potion of stabbing {unknown}
Comestibles
 d - 9 rations
 w - 5 chunks of flesh


   Skills:
 - Level 2.0 Fighting
 + Level 8.5 Short Blades
 - Level 2.0 Throwing
 - Level 1.0 Dodging
 - Level 5.3 Stealth


You had 6 spell levels left.
You didn't know any spells.
Your spell library contained the following spells:

 Spells                   Type           Power        Failure   Level  Hunger
 Confusing Touch          Hex            #.......     34%         3    ####...
 Gell's Gravitas          Tloc           #.........   34%         3    ####...
 Petrify                  Tmut/Erth      #.......     73%         4    #####..
 Metabolic Englaciation   Hex/Ice        #.........   96%         5    ######.
 Yara's Violent Unravell  Hex/Tmut       #.........   96%         5    ######.


Dungeon Overview and Level Annotations

Branches:
Dungeon (6/15)             Temple (0/1) D:5

Altars:
Cheibriados
Elyvilon
Kikubaaqudgha
Makhleb
Uskayaw
Xom


Innate Abilities, Weirdness & Mutations

You cannot wear most types of armour.
You are very stealthy in the water. (Stealth+)
You are amphibious.
You can wear up to eight rings at the same time.
You can use your tentacles to constrict eight enemies at once.
Your skin changes colour to match your surroundings (Stealth+).
Your rubbery body absorbs attacks. (AC +1, EV +1)


Message History

You hit the ogre. You squeeze the ogre, but do no damage.
The ogre is moderately wounded.
The ogre hits you with a +0 giant club!!
Ouch! That really hurt!
You are too injured to fight recklessly!
You are too injured to fight recklessly!
You are too injured to fight recklessly!
Evoke which item? (* to show all) (? for menu, Esc to quit)
Aiming: Corrosive Bolt
Press: ? - help, Shift-Dir - straight line, f - ogre
Aim: an ogre, wielding a +0 giant club (moderately wounded)
The bolt of acid hits the ogre!
The ogre is splashed with acid.
The acid corrodes the ogre!
The ogre is almost dead.
You can now pass through a line of other dancers.
You hit the ogre.
The ogre is almost dead.
The ogre hits you with a +0 giant club!!
Ouch! That really hurt!
You die...

### ##. ..# #..#
#.# ##..# #.##
###...# #.. ##
#.#...# #.###....
#....#####[.....#
#......@O.#
##..)<.####
##...##### ..#
#........# #..#
#.#.#.###.# #..#
# #.#.###.## #..#
# #.##...## #..#
#....#..###.>#
####.........#


You could see an ogre (corroded).

Vanquished Creatures
  A sky beast (D:5)
  2 ogres
  A scorpion (D:5)
  A crimson imp (D:5)
  A hound (D:5)
  A jelly (D:6)
  An orc priest (D:4)
  An iguana (D:4)
  A worker ant (D:5)
  10 adders
  4 gnolls (D:5)
  3 oozes
  A worm (D:2)
  3 dart slugs
  7 orcs
  14 bats
  7 giant cockroaches
  11 goblins
  9 hobgoblins
  8 jackals
  2 quokkas
  2 ball pythons
  4 frilled lizards
  2 jackal skeletons
  9 kobolds
  10 rats
116 creatures vanquished.

Notes
Turn   | Place    | Note
-------+----------+-------------------------------------------
     0 | D:1      | xccam the Octopode Assassin began the quest for the Orb.
     0 | D:1      | Reached XP level 1. HP: 14/14 MP: 1/1
   269 | D:1      | Reached XP level 2. HP: 18/19 MP: 2/2
   335 | D:1      | Reached skill level 3 in Short Blades
   738 | D:1      | Reached XP level 3. HP: 24/24 MP: 3/3
  1648 | D:2      | Reached skill level 4 in Short Blades
  1678 | D:2      | Reached XP level 4. HP: 19/29 MP: 4/4
  2708 | D:3      | Found a hide-covered altar of Uskayaw.
  2708 | D:3      | Found a snail-covered altar of Cheibriados.
  2708 | D:3      | Found a burning altar of Makhleb.
  2736 | D:3      | Became a worshipper of Uskayaw the Reveler
  2760 | D:3      | Reached skill level 5 in Short Blades
  2760 | D:3      | Reached * piety under Uskayaw
  2769 | D:3      | Reached XP level 5. HP: 25/34 MP: 5/5
  2774 | D:3      | Reached ** piety under Uskayaw
  3815 | D:4      | Reached skill level 6 in Short Blades
  3815 | D:4      | Reached XP level 6. HP: 10/39 MP: 6/6
  4865 | D:5      | Entered Level 5 of the Dungeon
  4902 | D:5      | Found a white marble altar of Elyvilon.
  4909 | D:5      | Noticed a sky beast
  4912 | D:5      | Killed a sky beast
  4923 | D:5      | Reached skill level 7 in Short Blades
  4923 | D:5      | Reached *** piety under Uskayaw
  5402 | D:5      | Found a shimmering altar of Xom.
  5426 | D:5      | Found a staircase to the Ecumenical Temple.
  5448 | D:5      | Reached XP level 7. HP: 36/45 MP: 7/7
  5513 | D:5      | Found a snail-covered altar of Cheibriados.
  5577 | D:5      | Found an ancient bone altar of Kikubaaqudgha.
  5594 | D:5      | Reached skill level 8 in Short Blades
  6207 | D:5      | Found a shimmering altar of Xom.
  6209 | D:5      | Found a shimmering altar of Xom.
  6241 | D:5      | Found a shimmering altar of Xom.
  6242 | D:5      | Found a shimmering altar of Xom.
  6521 | D:6      | Slain by an ogre

Illustrated notes

Levels and vault maps discovered:
D:1:      dpeg_arrival_rooms_with_view, layout_loops_corners, minmay_3d_cube
D:2:      layout_basic
D:3:      layout_rooms, grunt_temple_overflow_open
D:4:      layout_loops_corners, hex_large
D:5:      layout_layer_cave, xom_redecorated, lemuel_crystal_altar,
          minmay_temple_entry_mist, first_ration, hangedman_feature_mirror
D:6:      layout_loops_ring, portal_sewer_entry_a, minmay_puff

Skill      XL: |  1  2  3  4  5  6  7 |
---------------+----------------------+-----
Short Blades   | 3 4 5 6 7 8 |  8.5
Fighting       | |  2.0
Throwing       | |  2.0
Dodging        | |  1.0
Stealth        | |  5.3

Action                   |  1- 3 |  4- 6 |  7- 9 || total
-------------------------+-------+-------+-------++-------
Melee: Dagger            |    71 |   183 |    20 ||   274
       Tentacles         |     9 |    35 |     7 ||    51
       Constrict         |    17 |    41 |     1 ||    59
Evoke: Wand              |       |       |     1 ||     1
  Use: Scroll            |     5 |     6 |       ||    11
       Potion            |       |     2 |       ||     2
 Stab: Sleeping          |    16 |    19 |     2 ||    37
       Distracted        |       |     2 |       ||     2
       Paralysed         |       |       |     1 ||     1
  Eat: Chunk             |     2 |    12 |     3 ||    17
Armor: Skin              |       |     8 |       ||     8
Dodge: Dodged            |    25 |    87 |     3 ||   115
